 Dungeon Crawl Stone Soup version 0.17-a0-1831-gaadb308 (webtiles) character file.

515 ololoev the Conjurer (level 7, 39/50 HPs)
             Began as a Mottled Draconian Conjurer on Sept 14, 2015.
             Was an Initiate of Vehumet.
             Quit the game on level 4 of the Dungeon.
             The game lasted 00:11:08 (3597 turns).

ololoev the Conjurer (Mottled Draconian Conjurer)   Turns: 3597, Time: 00:11:08

Health: 39/50      AC:  7    Str:  8    XL:     7   Next: 0%
Magic:  2/12       EV: 12    Int: 17    God:    Vehumet [......]
Gold:   21         SH:  0    Dex: 14    Spells: 3 memorised, 5 levels left

rFire  + + .     SeeInvis .     q - +0 dagger (venom)
rCold  . . .     Clarity  .     (armour unavailable)
rNeg   . . .     SustAt   .     (no shield)
rPois  .         Gourm    .     (helmet restricted)
rElec  .         Spirit   .     (no cloak)
rCorr  .         Warding  .     g - +0 pair of gloves
rMut   .         Stasis   .     (no boots)
MR     .....                    (no amulet)
Stlth  ++........               x - -2 ring of strength (curse)
                                u - ring of protection from fire

@: not resistant to hostile enchantments, unstealthy
A: breathe sticky flame splash, unfitting armour, agile 1, fire resistance 1,
cold-blooded, AC +6
a: Breathe Sticky Flame, Renounce Religion


Innate Abilities, Weirdness & Mutations

You can spit globs of burning liquid.
You can ignite nearby creatures when you spit burning liquid.
Your weird mottled scales are hard (AC +6).
Your body does not fit into most forms of armour.
You are cold-blooded and may be slowed by cold attacks.
You are agile. (Dex +2)
Your flesh is heat resistant.

Inventory:

Hand weapons
 q - a +0 dagger of venom (weapon)
Armour
 g - a +0 pair of gloves (worn)
Jewellery
 u - a ring of protection from fire (left hand)
 x - a cursed -2 ring of strength (right hand)
Scrolls
 c - 2 scrolls of teleportation {unknown}
 d - a scroll of immolation {unknown}
 f - a scroll of random uselessness {unknown}
 h - 5 scrolls of identify {unknown}
 i - 2 scrolls of enchant weapon {unknown}
 m - a scroll of fog {unknown}
 s - 2 scrolls of enchant armour {unknown}
 v - a scroll of remove curse {unknown}
Potions
 e - a potion of resistance {unknown}
 j - a potion of invisibility {unknown}
 o - 2 potions of heal wounds
 p - a potion of cancellation {unknown}
 r - 3 potions of curing
 w - 2 potions of berserk rage {unknown}
 A - a potion of might {unknown}
 C - a potion of flight {unknown}
Books
 a - a book of Conjurations

   Spells                             Type                      Level
   a - Magic Dart                     Conjuration                  1
   b - Searing Ray                    Conjuration                  2
   c - Dazzling Spray                 Conjuration/Hexes            3
   d - Fulminant Prism                Conjuration/Hexes            4
   e - Iskenderun's Mystic Blast      Conjuration                  4
   f - Iskenderun's Battlesphere      Conjuration/Charms           5
Miscellaneous
 n - a plain deck of escape
Comestibles
 b - 4 bread rations
 k - a meat ration
 l - 7 chunks of flesh
 t - a beef jerky
 z - a slice of pizza


   Skills:
 - Level 1.7 Dodging
 - Level 1.7 Stealth
 + Level 3.8 Spellcasting
 * Level 6.5 Conjurations
 * Level 3.1 Charms


You had 5 spell levels left.
You knew the following spells:

 Your Spells              Type           Power        Failure   Level  Hunger
a - Magic Dart            Conj           ####         1%          1    None
b - Searing Ray           Conj           ####..       1%          2    ##.....
c - Iskenderun's Battles  Conj/Chrm      ###.....     71%         5    ######.


You were on level 4 of the Dungeon.
You worshipped Vehumet.
Vehumet was noncommittal.
You were not hungry.

You visited 1 branch of the dungeon, and saw 4 of its levels.

You collected 147 gold pieces.
You spent 126 gold pieces at shops.

## #.#.##
##.......##
#.. # #.####
##.....## #..
# #....#
##...## #..
### #..@. ##
##รท## #.. ..#
[.... ..# #.#
##. #.# ##.#
#.# #.# . #.#
#.# #.# ##.##
#.# #.###.#
##...#######
#.# #...@.#
#...........
#.# ####..#
##....######
#.# #..#
##.#.# ..#
#.#.#####.#.#
###
..###........#
###
#.#####.###
#.## #.# ##
#.# #.#

Notes
Turn   | Place    | Note
--------------------------------------------------------------
     0 | D:1      | ololoev the Draconian Conjurer began the quest for the Orb.
     0 | D:1      | Reached XP level 1. HP: 14/14 MP: 3/3
   312 | D:1      | Reached XP level 2. HP: 20/20 MP: 3/5
   360 | D:1      | Learned a level 2 spell: Searing Ray
  1038 | D:2      | Reached XP level 3. HP: 26/26 MP: 3/6
  1192 | D:2      | Found a sparkling altar of Nemelex Xobeh.
  1230 | D:2      | Reached skill level 5 in Conjurations
  1394 | D:2      | Noticed Robin
  1480 | D:2      | Killed Robin
  1484 | D:2      | Reached XP level 4. HP: 33/33 MP: 2/8
  2281 | D:3      | Reached XP level 5. HP: 38/38 MP: 9/9
  2298 | D:3      | Learned a level 5 spell: Iskenderun's Battlesphere
  2441 | D:3      | Found a faded altar to an unknown god.
  2820 | D:3      | Reached skill level 1 in Charms
  2943 | D:4      | Noticed an ogre
  2962 | D:4      | Killed an ogre
  2962 | D:4      | Reached skill level 6 in Conjurations
  2962 | D:4      | Reached XP level 6. HP: 11/45 MP: 1/11
  2964 | D:4      | HP: 2/45 [orc/mace (9)]
  3352 | D:4      | Found a radiant altar of Vehumet.
  3359 | D:4      | Became a worshipper of Vehumet
  3474 | D:4      | Found Iviokubi's Distillery.
  3482 | D:4      | Bought a potion of curing for 33 gold pieces
  3482 | D:4      | Bought a potion of heal wounds for 55 gold pieces
  3482 | D:4      | Bought a potion of poison for 11 gold pieces
  3482 | D:4      | Bought a potion of mutation for 27 gold pieces
  3562 | D:4      | Noticed Eustachio
  3591 | D:4      | Killed Eustachio
  3591 | D:4      | Your scales start taking on a weird mottled colour.
  3591 | D:4      | Reached XP level 7. HP: 38/50 MP: 1/12
  3596 | D:4      | Gained mutation: Your flesh is heat resistant. [potion of mutation]
  3596 | D:4      | Gained mutation: You are agile. (Dex +2) [potion of mutation]
  3597 | D:4      | Quit the game

Dungeon Overview and Level Annotations

Branches:
Dungeon (4/15)
 Temple: D:4-7

Altars:
Nemelex Xobeh
Vehumet

Shops:
D:4 !


Message History

You barely miss Eustachio.
Eustachio is severely wounded.
Eustachio hits you but does no damage. The iron imp closely misses you.
You miss Eustachio.
Eustachio is severely wounded.
Eustachio hits you but does no damage.
You hit Eustachio but do no damage.
Eustachio is almost dead.
The crimson imp closely misses you. The iron imp hits you.
Eustachio barely misses you.
You hit Eustachio.
Eustachio looks even sicker.
Your tail-slap misses Eustachio.
Eustachio is almost dead.
The crimson imp misses you. The iron imp hits you.
Eustachio casts a spell.
You completely miss Eustachio. You tail-slap Eustachio.
You kill Eustachio!
Vehumet accepts your kill.
Your Charms skill increases to level 3!
You have reached level 7!
Your scales start taking on a weird mottled colour.
The iron imp disappears in a puff of smoke!
The crimson imp disappears in a puff of smoke!
The quokka disappears in a puff of smoke!
C - a fuming silvery potion
Things that are here:
a rapier; a runed leather armour; the human corpse of Eustachio You butcher the human corpse of Eustachio.
l - 7 chunks of flesh (gained 4)
Things that are here:
a rapier; a runed leather armour; the human skeleton of Eustachio Drink which item? (? for menu, Esc to quit)
You feel extremely strange.
You feel resistant to heat.
You feel agile.
Are you sure you want to abandon this character and quit the game? (Confirm with "yes".)
Okay, then.
Welcome back, ololoev the Mottled Draconian Conjurer.
Vehumet says: Let it end in hellfire!
Press ? for a list of commands and other information.
Are you sure you want to abandon this character and quit the game? (Confirm with "yes".)

There were no monsters in sight!

Vanquished Creatures
  Eustachio (D:4)
  An ogre (D:4)
  An orc priest (D:3)
  A crimson imp (D:4)
  A worker ant (D:4)
  3 gnolls (D:2)
  Robin (D:2)
  7 adders
  2 worms
  2 giant geckos
  10 orcs
  4 ball pythons
  6 bats
  4 giant cockroaches
  15 goblins
  10 hobgoblins
  7 jackals (D:1)
  6 kobolds
  2 giant newts
  A quokka (D:3)
  12 rats
97 creatures vanquished.

Action                   |  1- 3 |  4- 6 |  7- 9 || total
-------------------------+-------+-------+-------++-------
Melee: Unarmed           |    32 |       |       ||    32
       Dagger            |     4 |    74 |       ||    78
 Cast: Magic Dart        |    37 |    49 |       ||    86
       Searing Ray       |     5 |    11 |       ||    16
  Use: Potion            |       |       |     1 ||     1
 Stab: Sleeping          |       |     4 |       ||     4
  Eat: Chunk             |     3 |     7 |       ||    10

Vault maps used:
D:1:      dpeg_arrival_sounds_slurp, minmay_crystal_room
D:2:      nemelex_deck, first_bread, kennysheep_generic_room_10, uniq_robin
D:3:      ecumenical_altar_1, minmay_misc_feat_nine_boxes
D:4:      vehumet_crystals, serial_shops, shop, uniq_eustachio
